 Dungeon Crawl Stone Soup version 0.29-a0-322-g68df515428 (webtiles) character file.

Game seed: 3908169268578806642

66 Essalna the Skirmisher (level 4, -1/41 HPs)
             Began as a Hill Orc Fighter on Apr 8, 2022.
             Succumbed to Sigmund's poison
             ... on level 4 of the Dungeon.
             The game lasted 00:01:54 (1246 turns).

Essalna the Skirmisher (Hill Orc Fighter)           Turns: 1246, Time: 00:01:54

Health: -1/41      AC:  8    Str: 20    XL:     4   Next: 15%
Magic:  4/4        EV:  9    Int:  8    God:
Gold:   102        SH:  4    Dex: 10    Spells: 3/3 levels left

rFire   . . .      SeeInvis .   a - +0 war axe
rCold   . . .      Faith    .   c - +0 buckler
rNeg    . . .      Spirit   .   b - +0 scale mail
rPois   .          Reflect  .   e - +1 hat
rElec   .          Harm     .   (no cloak)
rCorr   .          Rampage  .   (no gloves)
Will    .....                   (no boots)
Stlth   ..........              (no amulet)
HPRegen 0.13/turn               (no ring)
MPRegen 0.09/turn               (no ring)

@: lethally poisoned (-1 -> -16)
A: no striking features
a: no special abilities


You were on level 4 of the Dungeon.
You visited 1 branch of the dungeon, and saw 3 of its levels.

You collected 102 gold pieces.

Inventory:

Hand Weapons
 a - a +0 war axe (weapon)
Armour
 b - a +0 scale mail (worn)
 c - a +0 buckler (worn)
 e - a +1 hat (worn)
Jewellery
 l - a ring of flight
Scrolls
 h - a scroll of blinking {unknown}
 j - 2 scrolls of teleportation {unknown}
 k - a scroll of immolation {unknown}
 n - a scroll of enchant armour {unknown}
 o - a scroll of amnesia {unknown}
Potions
 d - 2 potions of might
 f - a potion of heal wounds {unknown}
 g - a potion of lignification {unknown}
 i - 3 potions of brilliance {unknown}
 m - a potion of flight {unknown}


   Skills:
 + Level 4.3 Fighting
 + Level 3.6 Axes
 + Level 3.9 Armour
 + Level 3.9 Shields


You had 3 spell levels left.
You didn't know any spells.
Your spell library was empty.

Dungeon Overview and Level Annotations

Branches:
Dungeon (2/15)

Altars:


Message History

Sigmund is moderately wounded.
Sigmund completely misses you.
You slash Sigmund!
Sigmund is severely wounded.
Sigmund points at you and mumbles some strange words.
You resist with some effort.
You barely miss Sigmund.
Sigmund is severely wounded.
Sigmund hits you with a +0 scythe of venom.
You closely miss Sigmund.
Sigmund is severely wounded.
Sigmund hits you but does no damage.
You are poisoned.
You hit Sigmund.
Sigmund is severely wounded.
You feel very sick. Sigmund barely misses you.
You closely miss Sigmund.
Sigmund is severely wounded.
You feel sick.
Sigmund hits you with a +0 scythe of venom.
* * * LOW HITPOINT WARNING * * *
You are lethally poisoned!
You closely miss Sigmund.
Sigmund is severely wounded.
* * * LOW HITPOINT WARNING * * *
You feel very sick.
You closely miss Sigmund.
Sigmund is severely wounded.
* * * LOW HITPOINT WARNING * * *
You feel very sick.
Sigmund mumbles some strange words.
Sigmund flickers and vanishes!
Deactivating autopickup; reactivate with Ctrl-A.
Something hits you but does no damage.
You are more poisoned.
You slash something!
Reactivating autopickup.
You feel a bit more experienced.
You die...

........#
........#
>.?.?...#
........#
........#
........+
......).#
.......@#
........#
###.....# ..
##.....#.#
...#...##.#.#
...#......#.#
##......###.#
............#
##########.#.#...#


There were no monsters in sight!

Vanquished Creatures
  Sigmund (D:4)
  A hound (D:4)
  An adder (D:2)
  3 endoplasms
  A giant cockroach (D:1)
  2 goblins (D:2)
  3 hobgoblins (D:1)
  A quokka (D:1)
  2 ball pythons (D:1)
  7 bats (D:1)
  4 kobolds
  5 rats (D:1)
31 creatures vanquished.

Notes
Turn   | Place    | Note
-------+----------+-------------------------------------------
     0 | D:1      | Essalna the Hill Orc Fighter began the quest for the Orb.
     0 | D:1      | Reached XP level 1. HP: 19/19 MP: 1/1
   264 | D:1      | Reached XP level 2. HP: 21/27 MP: 2/2
   662 | D:1      | Reached skill level 4 in Fighting
   899 | D:2      | Reached XP level 3. HP: 28/33 MP: 3/3
  1013 | D:2      | You fall into a shaft and drop 2 floors!
  1076 | D:4      | Reached XP level 4. HP: 41/41 MP: 4/4
  1226 | D:4      | Noticed Sigmund
  1246 | D:4      | Killed Sigmund
  1246 | D:4      | Succumbed to Sigmund's poison

Illustrated notes

Levels and vault maps discovered:
D:1:      dreamdust_arrival_beginning_and_end, layout_loops_cross,
          kennysheep_nondescript
D:2:      layout_rooms, serial_forest, infiniplex_forest_lined_ring,
          infiniplex_forest_clump_medium, infiniplex_forest_straight_2,
          infiniplex_forest_side_room, minmay_rat_gold_closets
D:4:      layout_basic, nicolae_ru_great_annihilating_truth, serial_glass,
          glass_columns_b, glass_columns_b, uniq_sigmund

Skill      XL: |  1  2 |
---------------+-------+-----
Axes           | 3 |  3.6
Fighting       | 4 |  4.3
Armour         | |  3.9
Shields        | |  3.9

Action                   |  1- 3 |  4- 6 || total
-------------------------+-------+-------++-------
Melee: War axe           |    65 |    18 ||    83
Armor: Scale mail        |    41 |     7 ||    48
Dodge: Dodged            |    30 |     5 ||    35
Block: Buckler           |    13 |     2 ||    15

Table legend: (Time is in decaauts)
 A = Elapsed time spent in this place.
 B = Non-inter-level travel time spent in this place.
 C = Inter-level travel time spent in this place.
 D = Time resting spent in this place.
 E = Time spent auto-exploring this place.
 F = Levels seen in this place.
 G = Mean time per level.
                   A        B        C        D        E       F      G
               +--------+--------+--------+--------+--------+-----+--------+
         Total |   1277 |   1275 |      2 |      0 |   1027 |   3 |  425.7 |
       Dungeon |   1277 |   1275 |      2 |      0 |   1027 |   3 |  425.7 |
               +--------+--------+--------+--------+--------+-----+--------+

Top non-repeatable levels by time:
     D:1: 910 daAuts
     D:4: 239 daAuts
     D:2: 127 daAuts
